 Dungeon Crawl Stone Soup version 0.21.1-1-g345015f (webtiles) character file.

522 letownia2 the Insei (level 7, -4/52 HPs)
             Began as a Merfolk Transmuter on Mar 15, 2018.
             Slain by Prince Ribbit (16 damage)
             ... on level 5 of the Dungeon.
             The game lasted 00:09:10 (1378 turns).

letownia2 the Insei (Merfolk Transmuter)            Turns: 1378, Time: 00:09:10

Health: -4/52      AC:  2    Str: 12    XL:     7   Next: 22%
Magic:  4/10       EV: 21    Int: 12    God:
Gold:   138        SH:  0    Dex: 20    Spells: 4/10 levels left

rFire    . . .     SeeInvis .     - Unarmed
rCold    . . .     Gourm    .   (shield currently unavailable)
rNeg     + . .     Faith    .   (armour currently unavailable)
rPois    x         Spirit   .   (helmet currently unavailable)
rElec    .         Reflect  .   (cloak currently unavailable)
rCorr    .         Harm     .   (gloves currently unavailable)
MR       .....                  (boots currently unavailable)
Stlth    ++........             (no amulet)
HPRegen  0.17/turn              e - ring of positive energy
MPRegen  0.12/turn              (no ring)

@: spider-form (expiring), very slightly contaminated
A: tiny, (change form in water), (swift swim), (stealthy swim)
a: End Transformation


You were on level 5 of the Dungeon.
You were hungry.
You were a venomous arachnid creature.
You visited 1 branch of the dungeon, and saw 5 of its levels.

You collected 138 gold pieces.

Inventory:

Hand Weapons
 g - a +0 spear
 j - a cursed +0 hunting sling
Missiles
 a - 51 arrows
 m - 7 tomahawks (quivered)
Armour
 b - a +0 robe (melded)
 f - a +0 ring mail
 k - a +0 ring mail
 l - a +0 leather armour
Jewellery
 e - a ring of positive energy (left front leg)
Scrolls
 h - 2 scrolls of teleportation {unknown}
 i - a scroll of remove curse {unknown}
 o - a scroll of fear {unknown}
 p - a scroll of random uselessness {unknown}
Potions
 n - a potion of ambrosia {unknown}
Books
 c - a book of Changes

   Spells                             Type                      Level
   a - Beastly Appendage              Transmutation                1
   b - Sticks to Snakes               Transmutation                2
   c - Spider Form                    Transmutation/Poison         3
   d - Ice Form                       Ice/Transmutation            4
   e - Blade Hands                    Transmutation                5
Comestibles
 d - 3 chunks of flesh
 q - a ration


   Skills:
 - Level 3.5 Fighting
 - Level 2.9 Dodging
 + Level 6.4 Unarmed Combat
 - Level 2.1 Spellcasting
 - Level 5.0 Transmutations
 - Level 2.4 Poison Magic


You had 4 spell levels left.
You knew the following spells:

 Your Spells              Type           Power        Failure   Level  Hunger
a - Beastly Appendage     Tmut           ##....       11%         1    ##.....
l - Sticks to Snakes      Tmut           ##......     14%         2    ###....
p - Spider Form           Tmut/Pois      ##........   36%         3    ####...


Dungeon Overview and Level Annotations

Branches:
Dungeon (5/15)
 Temple: D:4-7

Altars:
Trog

Annotations:
D:5 Prince Ribbit


Message History

Prince Ribbit completely misses you.
Unknown command.
You hit Prince Ribbit but do no damage.
Prince Ribbit is heavily wounded.
Prince Ribbit completely misses you.
Unknown command.
You hit Prince Ribbit.
Prince Ribbit looks as sick as possible!
Prince Ribbit is heavily wounded.
Prince Ribbit barely misses you. Prince Ribbit closely misses you.
Unknown command.
You closely miss Prince Ribbit.
Prince Ribbit is severely wounded.
Prince Ribbit croaks regally.
Prince Ribbit closely misses you.
Unknown command.
You miss Prince Ribbit.
Prince Ribbit is severely wounded.
Prince Ribbit hits you!
You die...

.......
.....F.........a .
...............###
..
.#...#.......s..#
...
................
.. ..... #<# #.##
...# #.#
#...####ยง.# #.#
#.sF.#.###... #..
###........... ...
#.########.. ....
######.# ....
##...##.# .....
##.......#
#.......## ..
#.......##..#
#..........#


You could see Prince Ribbit.

Vanquished Creatures
  An ogre (D:4)
  A centaur zombie (D:3)
  2 orc priests (D:4)
  A bullfrog zombie (D:4)
  A hound (D:4)
  2 centaur skeletons (D:4)
  An orc wizard (D:4)
  2 iguanas (D:4)
  2 worker ants (D:4)
  A hound skeleton (D:4)
  2 gnolls (D:4)
  2 adders
  A shadow imp (D:5)
  An ooze (D:1)
  An adder skeleton (D:4)
  A worm (D:4)
  A leopard gecko (D:1)
  An orc (D:4)
  A bat (D:1)
  5 giant cockroaches
  4 goblins
  2 hobgoblins
  A quokka (D:3)
  A frilled lizard (D:3)
  2 kobolds
  3 rats
43 creatures vanquished.

Vanquished Creatures (collateral kills)
  An adder (D:2)
  A worm (D:2)
  A hobgoblin (D:2)
3 creatures vanquished.

Grand Total: 46 creatures vanquished

Notes
Turn   | Place    | Note
-------+----------+-------------------------------------------
     0 | D:1      | letownia2 the Merfolk Transmuter began the quest for the Orb.
     0 | D:1      | Reached XP level 1. HP: 15/15 MP: 3/3
   100 | D:1      | Reached XP level 2. HP: 3/21 MP: 3/5
   137 | D:1      | Learned a level 2 spell: Sticks to Snakes
   291 | D:2      | Reached skill level 4 in Unarmed Combat
   291 | D:2      | Reached XP level 3. HP: 20/26 MP: 2/6
   296 | D:2      | Learned a level 3 spell: Spider Form
   495 | D:3      | Reached XP level 4. HP: 25/32 MP: 3/7
   666 | D:5      | Entered Level 5 of the Dungeon
   676 | D:4      | Found a bloodstained altar of Trog.
   753 | D:4      | Reached XP level 5. HP: 34/38 MP: 4/8
   755 | D:4      | Noticed an ogre
   765 | D:4      | Killed an ogre
   783 | D:5      | Noticed Prince Ribbit
   946 | D:4      | Reached XP level 6. HP: 17/47 MP: 5/9
   950 | D:4      | Reached skill level 5 in Unarmed Combat
  1065 | D:4      | Reached skill level 5 in Transmutations
  1145 | D:4      | Reached XP level 7. HP: 16/52 MP: 3/10
  1175 | D:4      | Reached skill level 6 in Unarmed Combat
  1378 | D:5      | Slain by Prince Ribbit

Skill      XL: |  1  2  3  4  5  6  7 |
---------------+----------------------+-----
Unarmed Combat | 4 5 6 |  6.4
Transmutations | 3 4 5 |  5.0
Poison Magic   | 2 |  2.4
Fighting       | 2 3 |  3.5
Dodging        | |  2.9
Spellcasting   | |  2.1

Action                   |  1- 3 |  4- 6 |  7- 9 || total
-------------------------+-------+-------+-------++-------
Melee: Unarmed           |    46 |    87 |    24 ||   157
       Headbutt          |     4 |     1 |       ||     5
       Punch             |     1 |       |       ||     1
       Tailslap          |       |     1 |       ||     1
Throw: Tomahawk          |     3 |       |       ||     3
 Cast: Beastly Appendage |     6 |     2 |       ||     8
       Sticks to Snakes  |     4 |       |       ||     4
       Spider Form       |     1 |    13 |     5 ||    19
  Use: Potion            |     1 |     2 |       ||     3
  Eat: Chunk             |       |     1 |       ||     1
       Ration            |       |     1 |       ||     1
Armor: Robe              |     3 |       |     1 ||     4
       Skin              |     2 |     5 |     1 ||     8
Dodge: Dodged            |    32 |    69 |    24 ||   125
